 Dungeon Crawl Stone Soup version 0.30.0-17-ge0270778cf (webtiles) character file.

Game seed: 4007350836349386134

2457 Peloso the Carver (level 9, -5/117 HPs)
             Began as a Minotaur Fighter on May 22, 2023.
             Was an Initiate of Okawaru.
             Slain by an orc warrior
             ... wielding a +0 halberd
              (25 damage)
             ... in a bailey.
             The game lasted 00:17:16 (7351 turns).

Peloso the Carver (Minotaur Fighter)                Turns: 7351, Time: 00:17:17

Health: -5/117     AC: 11    Str: 28    XL:     9   Next: 26%
Magic:  8/8        EV:  9    Int:  5    God:    Okawaru [......]
Gold:   324        SH: 11    Dex: 19    Spells: 8/8 levels left

rFire   . . .        a - +0 long sword
rCold   . . .        d - +0 kite shield
rNeg    . . .        c - +0 chain mail
rPois   .            (helmet restricted)
rElec   .            (no cloak)
rCorr   .            (no gloves)
SInv    .            (no boots)
Will    .....        (no amulet) Stlth
                     k - +6 ring of strength
HPRegen 0.39/turn    B - +6 ring of dexterity
MPRegen 0.11/turn

%: no passive effects
@: berserking (expiring), very quick
A: horns 2, retaliatory headbutt
a: Renounce Religion


You were in a bailey.
You worshipped Okawaru.
Okawaru was noncommittal.
You visited 2 branches of the dungeon, and saw 8 of its levels.
You also visited: Bailey.

You collected 324 gold pieces.

Inventory:

Hand Weapons
 a - a +0 long sword (weapon)
Missiles
 z - 2 throwing nets (quivered)
Armour
 c - a +0 chain mail (worn)
 d - a +0 kite shield (worn)
 D - +0 acid dragon scales
Magical Staves
 b - a staff of fire
Jewellery
 g - a ring of ice
 h - a ring of protection from fire
 k - a +6 ring of strength (left hand)
 m - a ring of protection from fire
 u - a ring of magical power
 B - a +6 ring of dexterity (right hand)
Wands
 y - a wand of flame (9)
 H - a wand of paralysis (6)
Scrolls
 f - 3 scrolls of teleportation
 i - 2 scrolls of blinking
 j - 3 scrolls of enchant armour
 l - a scroll of torment {unknown}
 o - 2 scrolls of amnesia {unknown}
 p - 2 scrolls of enchant weapon {unknown}
 q - 2 scrolls of fear {unknown}
 r - a scroll of vulnerability {unknown}
 t - 5 scrolls of magic mapping {unknown}
 A - a scroll of noise {unknown}
 C - a scroll of poison {unknown}
Potions
 e - a potion of might
 n - a potion of flight
 s - 3 potions of curing
 v - a potion of heal wounds
 w - a potion of brilliance
 G - a potion of haste


   Skills:
 + Level 6.4 Fighting
 + Level 9.6 Long Blades
 + Level 8.3 Armour
 + Level 2.5 Dodging
 + Level 0.8 Stealth
 + Level 7.3 Shields


You had 8 spell levels left.
You didn't know any spells.
Your spell library contained the following spells:

 Spells                   Type           Power      Damage    Failure   Level
 Hailstorm                Conj/Ice       0%         3d3       100%        3
 Ice Form                 Ice/Tmut       0%         N/A       100%        4
 Simulacrum               Ice/Necr       Unusable   N/A       N/A         6

Dungeon Overview and Level Annotations

Branches:
Dungeon (7/15)             Temple (1/1) D:6          Bailey (1/1)

Altars:
Ashenzari
Dithmenos
Elyvilon
Fedhas
Gozag
Hepliaklqana
Kikubaaqudgha
Makhleb
Nemelex Xobeh
Okawaru
Qazlal
Ru
Sif Muna
Trog
Uskayaw
Wu Jian
Yredelemnul
Zin
The Shining One


Innate Abilities, Weirdness & Mutations

You have a pair of horns on your head.
You reflexively headbutt those who attack you in melee.


Message History

The orc knight hits you with a +0 bardiche.
You closely miss the orc knight. You headbutt the orc knight!
The orc knight is lightly wounded.
You slash the orc knight!
The orc knight is moderately wounded.
You block the orc's attack.
The orc knight hits you with a +0 bardiche!!
You slash the orc knight! Your headbutt misses the orc knight.
The orc knight is heavily wounded.
You block the orc's attack. x2; You block the orc knight's attack.
You closely miss the orc knight.
The orc knight is heavily wounded.
You block the orc's attack.
The orc hits you from afar with a +0 halberd.
You slash the orc warrior!
The orc warrior is heavily wounded.
You hit the orc warrior.
The orc warrior is heavily wounded.
The orc hits you from afar with a +0 trident.
The orc closely misses you.
The orc knight hits you with a +0 bardiche!!
You block the orc warrior's attack.
You slash the orc warrior!
The orc warrior is almost dead.
The orc misses you.
The orc hits you from afar with a +0 halberd!
* * * LOW HITPOINT WARNING * * *
The orc knight hits you with a +0 bardiche.
* * * LOW HITPOINT WARNING * * *
The orc warrior hits you with a +0 halberd.
* * * LOW HITPOINT WARNING * * *
You slash the orc knight! You headbutt the orc knight!
The orc knight is severely wounded.
You closely miss the orc knight.
The orc knight is severely wounded.
The orc hits you from afar with a +0 trident.
* * * LOW HITPOINT WARNING * * *
The orc closely misses you. The orc knight closely misses you.
The orc warrior hits you with a +0 halberd!!
You die...

#.......#
#......)#
#.......#
##..)..##
###'###
#.))#
#...#
#...#
#.o@#
###o###
##.oo.o##
#..oo...#
#..#8#..#
#..#.#..#
#.......#
#.......#
##....o##


You could see an orc knight, an orc warrior (strong) and 4 orcs.

Vanquished Creatures
  A shadow (D:7)
  An acid dragon (D:6)
  3 black bears
  3 orc warriors
  An ogre (D:5)
  2 phantoms (D:6)
  9 scorpions
  A howler monkey (D:5)
  3 sleepcaps
  2 orc priests (D:4)
  A gnoll bouda (D:5)
  2 hounds
  A jelly (D:5)
  4 iguanas
  3 orc wizards
  Natasha (twice) (D:2)
  13 gnolls
  7 adders
  A shadow imp (D:6)
  2 ufetubi (D:6)
  2 worms (D:2)
  2 dart slugs
  30 orcs
  2 ball pythons
  7 bats
  8 endoplasms
  4 giant cockroaches
  11 goblins
  9 hobgoblins
  4 jackals (D:2)
  7 quokkas
  2 frilled lizards (D:1)
  6 kobolds
  8 rats
164 creatures vanquished.

Notes
Turn   | Place    | Note
-------+----------+-------------------------------------------
     0 | D:1      | Peloso the Minotaur Fighter began the quest for the Orb.
     0 | D:1      | Reached XP level 1. HP: 19/19 MP: 0/0
   112 | D:1      | Reached XP level 2. HP: 27/27 MP: 1/1
   393 | D:1      | Found a faded altar of an unknown god.
   744 | D:1      | Reached skill level 3 in Long Blades
   744 | D:1      | Reached XP level 3. HP: 32/33 MP: 2/2
  1338 | D:2      | Reached XP level 4. HP: 41/41 MP: 3/3
  1447 | D:2      | Noticed Natasha
  1456 | D:2      | Killed Natasha
  1503 | D:2      | Noticed Natasha
  1714 | D:2      | Killed Natasha
  2134 | D:3      | Reached skill level 4 in Long Blades
  2164 | D:3      | Reached skill level 5 in Armour
  2164 | D:3      | Reached XP level 5. HP: 38/47 MP: 4/4
  3171 | D:4      | Reached XP level 6. HP: 28/53 MP: 5/5
  3352 | D:4      | Reached skill level 5 in Long Blades
  3848 | D:5      | Entered Level 5 of the Dungeon
  4006 | D:5      | Reached skill level 1 in Dodging
  4012 | D:5      | Reached skill level 6 in Long Blades
  4032 | D:5      | Reached skill level 5 in Fighting
  4032 | D:5      | Reached XP level 7. HP: 22/61 MP: 6/6
  4589 | D:5      | Reached skill level 5 in Shields
  4711 | D:5      | Reached skill level 7 in Long Blades
  4743 | D:5      | Reached XP level 8. HP: 35/68 MP: 7/7
  5595 | D:6      | Reached skill level 8 in Long Blades
  5752 | D:6      | Found a broken altar of Ashenzari.
  5992 | D:6      | Found a staircase to the Ecumenical Temple.
  6001 | Temple   | Entered the Ecumenical Temple
  6023 | Temple   | Became a worshipper of Warmaster Okawaru
  6380 | D:6      | Found a hide-covered altar of Uskayaw.
  6632 | D:7      | Reached XP level 9. HP: 29/77 MP: 8/8
  6646 | D:7      | Reached skill level 9 in Long Blades
  6715 | D:7      | Found a burning altar of Makhleb.
  6820 | D:7      | Found a flagged portal.
  6842 | Bailey   | Entered a bailey
  7318 | Bailey   | Noticed an orc knight
  7351 | Bailey   | Slain by an orc warrior

Illustrated notes

Levels and vault maps discovered:
D:1:      amcnicky_arrival_feature_with_door, layout_loops_ring,
          shapermc_ecumenical_altar_acropolis
D:2:      layout_basic, uniq_natasha
D:3:      layout_loops_ring, grunt_decor_arrowhead
D:4:      layout_cave_pools, minmay_misc_feat_cross, minivault_19
D:5:      layout_cave_pods, minmay_bent
D:6:      layout_basic, mainiacjoe_overflow_swirl, minmay_temple_entry_tees
D:7:      layout_gridville, xom_teletrap_fun, mainiacjoe_overflow_boulevard,
          nicolae_overflow_crystal_walls, enter_bailey_7, uniq_joseph
Temple:   lightli_temple_of_artemis
Bailey:   bailey_polearm_5, bailey

Skill      XL: |  1  2  3  4  5  6  7  8  9 |
---------------+----------------------------+-----
Shields        | 4 5 7 |  7.3
Armour         | 4 5 6 8 |  8.3
Fighting       | 4 5 6 |  6.4
Long Blades    | 3 4 6 7 8 9 |  9.6
Dodging        | 1 2 |  2.5
Stealth        | |  0.8

Action                     |  1- 3 |  4- 6 |  7- 9 || total
---------------------------+-------+-------+-------++-------
  Melee: Long sword        |   122 |   144 |   203 ||   469
         Headbutt          |    12 |    27 |    41 ||    80
  Evoke: Wand              |       |       |     1 ||     1
    Use: Scroll            |     1 |     7 |     4 ||    12
         Potion            |       |     2 |     3 ||     5
 Armour: Scale mail        |     4 |       |       ||     4
         Chain mail        |    88 |    77 |   109 ||   274
  Dodge: Dodged            |    49 |    62 |    90 ||   201
  Block: Buckler           |    36 |    14 |       ||    50
         Kite shield       |       |    50 |   154 ||   204
